Map: [ESL] Gresvan

Players

SKillous

  • Race: Protoss Protoss
  • League: Grandmaster
  • Spawn Location: 5:00

Fjant - Winner!

  • Race: Zerg Zerg
  • League: Grandmaster
  • Spawn Location: 11:00

Event: HomeStory Cup XXIII

VOD

Have the link to the VOD?

Description

Time

  • Played on: June 30, 2023, 1:05 p.m.
  • Length: 6:46

All games in this series

Show
View Real Time Build Order
Export as new Build Order

SKillous Protoss 

Build Orders:  

Get SALT Encoding   

  12  0:00  Probe  
  13  0:14  Pylon  
  13  0:17  Probe (Chrono Boost)  
  14  0:27  Probe (Chrono Boost)  
  15  0:32  Probe (Chrono Boost)  
  16  0:40  Gateway  
  16  0:43  Probe  
  17  0:50  Assimilator  
  17  0:55  Probe  
  18  1:07  Probe  
  19  1:20  Probe  
  20  1:28  Zealot (Chrono Boost)  
  20  1:30  Cybernetics Core  
  22  1:33  Probe, Pylon  
  23  1:44  Gateway  
  23  1:51  Zealot (Chrono Boost)  
  25  2:11  Shield Battery  
  25  2:14  Shield Battery  
  25  2:15  Stalker (Chrono Boost)  
  27  2:20  Probe  
  28  2:32  Probe, Stalker  
  27  2:38  Shield Battery  
  27  2:39  Shield Battery  
  27  2:46  Stalker, Shield Battery  
  28  3:18  Probe  
  31  3:26  Pylon  
  31  3:30  Probe, Pylon, Assimilator  
  30  3:47  Twilight Council  
  30  3:55  Shield Battery  
  27  4:03  Probe, Cybernetics Core  
  28  4:15  Probe (Chrono Boost)  
  23  4:27  Probe (Chrono Boost), Gateway  
  23  4:29  Gateway  
  24  4:33  Probe (Chrono Boost)  
  25  4:41  Probe  
  26  4:49  Robotics Facility  
  26  4:53  Probe  
  27  5:05  Probe  
  27  5:06  Pylon  
  25  5:15  Zealot  
  25  5:16  Zealot  
  26  5:26  Cybernetics Core  
  25  5:46  Zealot x2  
  25  5:48  Cybernetics Core  
  29  5:52  Probe  
  30  6:03  Pylon  
  13  6:30  Probe  
Show
View Real Time Build Order
Export as new Build Order

Fjant Zerg - Winner!

Build Orders: Hatch First 

Get SALT Encoding   

  12  0:00  Drone  
  13  0:11  Drone  
  14  0:36  Hatchery  
  13  0:52  Spawning Pool  
  13  0:56  Drone  
  13  1:01  Drone  
  14  1:08  Extractor, Drone  
  15  1:21  Overlord  
  15  1:40  Zergling x6  
  18  1:47  Queen, Spine Crawler  
  18  1:52  Zergling x2  
  20  1:59  Spine Crawler  
  20  2:05  Spine Crawler  
  20  2:07  Zergling x2  
  20  2:10  Zergling x2  
  20  2:15  Zergling x2  
  23  2:23  Zergling x2, Spine Crawler  
  23  2:29  Zergling x4  
  24  2:36  Zergling x4  
  25  2:44  Zergling x4  
  26  2:52  Zergling x2  
  26  2:54  Zergling x2  
  27  3:07  Zergling x4  
  27  3:26  Overlord  
  26  3:27  Zergling x2  
  26  3:38  Zergling x4  
  26  3:49  Zergling x8  
  30  3:59  Zergling x4  
  31  4:08  Zergling x4  
  27  4:18  Zergling x2  
  27  4:19  Zergling x2  
  27  4:22  Queen  
  29  4:30  Zergling x4  
  30  4:43  Zergling x8  
  33  4:47  Zergling x2  
  33  4:49  Zergling x2  
  34  4:58  Zergling x2  
  33  5:01  Zergling x2  
  33  5:07  Zergling x4  
  33  5:08  Zergling x2  
  33  5:13  Zergling x4  
  32  5:22  Zergling x2  
  32  5:26  Zergling x2  
  33  5:32  Zergling x2  
  33  5:38  Zergling x2  
  33  5:43  Zergling x2  
  33  5:49  Zergling x2  
  34  5:50  Queen  
  34  6:08  Zergling x4  
  35  6:13  Zergling x4  
  35  6:18  Zergling x4  
  35  6:20  Zergling x2  
  33  6:25  Zergling x2  
  33  6:26  Zergling x4  
Tags
 
Add a new tag
Caveats
  • Supply blocks, unpowered buildings, or Contaminate may cause inaccurate times.
  • Supply counts are checked every 10 seconds.